 Dungeon Crawl Stone Soup version 0.17-a0-1719-g1afd5a1 (console) character file.

364175 Illiel the Crack Shot (level 21, -5/225 HPs)
             Began as a High Elf Hunter on Aug 24, 2015.
             Was the Champion of Okawaru.
             Slain by a vault warden
             ... wielding a +0 war axe
              (28 damage)
             ... on level 4 of the Vaults on Aug 27, 2015.
             The game lasted 09:19:53 (76957 turns).

Illiel the Crack Shot (High Elf Hunter)            Turns: 76957, Time: 09:19:53

Health: -5/225     AC: 19    Str: 20    XL:     21   Next: 55%
Magic:  0/39       EV: 35    Int: 19    God:    Okawaru [******]
Gold:   4282       SH:  0    Dex: 28    Spells: 3 memorised, 39 levels left

rFire  + . .     SeeInvis .     b - +2 great sword (flame)
rCold  + . .     Clarity  .     Z - +2 robe {rF+}
rNeg   . . .     SustAt   .     (no shield)
rPois  +         Gourm    .     J - +2 helmet
rElec  .         Spirit   +     M - +2 cloak "Tyamal" {rPois}
rCorr  .         Warding  .     P - +2 pair of gloves {Str+3}
rMut   .         Stasis   .     G - +2 pair of boots {run}
MR     ++...                    y - amulet of guardian spirit
Stlth  ..........               p - +5 ring of dexterity
                                d - ring of protection from cold

@: berserking, heroism, studying 2 skills, very quick, very resistant to hostile
enchantments, extremely unstealthy
A: no striking features
a: Heroism, Finesse, Renounce Religion
}: 2/15 runes: decaying, serpentine


You were on level 4 of the Vaults.
You worshipped Okawaru.
Okawaru was exalted by your worship.
You were not hungry.

You visited 9 branches of the dungeon, and saw 44 of its levels.
You visited 1 bazaar.
You also visited: Ossuary and Ice Cave.

You collected 5873 gold pieces.
You spent 1591 gold pieces at shops.

Inventory:

Hand weapons
 a - a +3 longbow of freezing
 b - a +2 great sword of flaming (weapon)
 f - a +3 longbow of flaming
Missiles
 c - 210 arrows
 w - 31 arrows of flame
 z - 41 poisoned arrows
 B - 59 arrows of dispersal
Armour
 e - a +2 cloak of magic resistance
 k - the +4 scale mail of Gluttony {Int+4 Dex-5 SInv Stlth+}
   (Okawaru gifted it to you on level 4 of the Swamp)

   It affects your intelligence (+4).
   It affects your dexterity (-5).
   It lets you see invisible.
   It makes you more stealthy.
 r - the -2 hat "Nigonly" {rElec rC+ rCorr}
   (Okawaru gifted it to you on level 7 of the Lair of Beasts)

   It protects you from cold.
   It insulates you from electricity.
   It protects you from acid and corrosion.
 G - a +2 pair of boots of running (worn)
 J - a +2 helmet (worn)
 M - the +2 cloak "Tyamal" (worn) {rPois}
   (You found it on level 11 of the Dungeon)

   It protects you from poison.
 P - a +2 pair of gloves of strength (worn)
 Z - a +2 robe of fire resistance (worn)
Rods
 g - a +8 lightning rod (12/12)
   (You took it off a naga on level 4 of the Snake Pit)
Jewellery
 d - a ring of protection from cold (left hand)
 p - a +5 ring of dexterity (right hand)
 v - an uncursed amulet of clarity
 y - an amulet of guardian spirit (around neck)
 D - an uncursed amulet of stasis
Magical devices
 n - a wand of teleportation (4)
 E - a wand of cold (4)
 O - a wand of lightning (2)
 Q - a wand of disintegration (11)
Scrolls
 i - 18 scrolls of identify
 j - 10 scrolls of remove curse
 o - a scroll of immolation
 s - 3 scrolls of magic mapping
 N - a scroll of fog
 S - 2 scrolls of holy word
 V - 4 scrolls of fear
Potions
 q - a potion of agility
 A - 6 potions of brilliance
 C - 7 potions of curing
 F - a potion of berserk rage
 R - 2 potions of haste
 T - a potion of ambrosia
 U - a potion of invisibility {unknown}
 W - a potion of resistance
Books
 u - a manual of Spellcasting
 H - the Collected Works on Venomous Transformation
   (You acquired it on level 3 of the Vaults)

   Spells                             Type                      Level
   a - Cure Poison                    Poison                       2
   b - Sticks to Snakes               Transmutation                2
   c - Stoneskin                      Transmutation/Earth          2
   d - Ignite Poison                  Fire/Transmutation/Poison    3
   e - Irradiate                      Conjuration/Transmutation    5
   f - Hydra Form                     Transmutation                6
 K - a book of Burglary

   Spells                             Type                      Level
   a - Swiftness                      Charms/Air                   2
   b - Passwall                       Transmutation/Earth          3
   c - Passage of Golubria            Translocation                4
   d - Lee's Rapid Deconstruction     Earth                        5
   e - Darkness                       Hexes                        6
   f - Invisibility                   Hexes                        6
 X - a manual of Evocations
 Y - a book of Transfigurations

   Spells                             Type                      Level
   a - Stoneskin                      Transmutation/Earth          2
   b - Irradiate                      Conjuration/Transmutation    5
   c - Statue Form                    Transmutation/Earth          6
   d - Hydra Form                     Transmutation                6
   e - Dragon Form                    Transmutation                7
Miscellaneous
 l - a legendary deck of defence {the Potion}
Comestibles
 h - a royal jelly
 m - a slice of pizza
 t - 15 fruits
 x - a bread ration
 I - a meat ration


   Skills:
 * Level 14.8(19.8) Fighting
 * Level 16.0(21.0) Long Blades
 + Level 22.1(27) Bows
 - Level 9.0(14.0) Armour
 * Level 15.8(20.8) Dodging
 + Level 15.7(20.7) Stealth
 + Level 13.1 Spellcasting
 + Level 2.2 Charms
 + Level 1.8 Transmutations
 + Level 2.1 Air Magic
 + Level 1.4 Earth Magic
 + Level 1.4 Poison Magic
 + Level 13.8 Invocations
 + Level 14.3 Evocations


You had 39 spell levels left.
You knew the following spells:

 Your Spells              Type           Power        Failure   Level  Hunger
e - Swiftness             Chrm/Air       ###.....     4%          2    None
w - Passwall              Trmt/Erth      ###.......   12%         3    None
P - Cure Poison           Pois           ###.......   6%          2    None


Dungeon Overview and Level Annotations

Branches:
Dungeon (15/15)            Temple (1/1) D:6            Lair (8/8) D:11
  Swamp (4/4) Lair:5        Snake (4/4) Lair:5        Slime (0/6) Lair:8
    Orc (4/4) D:11            Elf (3/3) Orc:4        Vaults (4/5) D:13
  Crypt (0/3) Vaults:2     Depths (1/5) D:15

Altars:
Ashenzari
Cheibriados
Dithmenos
Elyvilon
Fedhas
Gozag
Kikubaaqudgha
Makhleb
Nemelex Xobeh
Okawaru
Qazlal
Ru
Sif Muna
Trog
Vehumet
Xom
Yredelemnul
Zin
The Shining One
Beogh
Jiyva

Shops:
D:4 *   D:6 *   D:8 [   D:9 ?   D:10 ?   D:11 =   D:14 *   Orc:1 *   Orc:2 (
Orc:3 *   Orc:4 *=(=   Elf:2 *   Snake:2 *   Vaults:3 *

Portals:
Hell: Lair:8
Trove: D:10 (give 18 potions of curing)

Annotations:
Lair:8 1 runed door
Elf:2 3 runed doors


Message History

The vault warden activates a sealing rune.
The vault warden completely misses you. The yaktaur misses you.
The vault warden blocks your attack.
The vault warden is heavily wounded.
The vault warden activates a sealing rune. x3
You hit the vault warden. You burn the vault warden.
The vault warden is heavily wounded.
The yaktaur misses you.
The vault warden activates a sealing rune.
The vault warden hits you but does no damage.
The vault warden blocks your attack.
The vault warden is heavily wounded.
The yaktaur hits you!
* * * LOW HITPOINT WARNING * * *
Drink which item? (? for menu, Esc to quit)
A red film seems to cover your vision as you go berserk!
You feel yourself moving faster!
You feel mighty!
The vault warden activates a sealing rune.
The vault warden hits you with a war axe!!
You die...

∙∙∙∙∙▒∙∙▒ ∙∙∙∙∙▒∙∙▒
∙∙∙∙∙▒∙∙▒
∙∙▒▒∙▒∙∙▒▒▒▒▒▒▒▒
∙∙▒∙∙▒∙∙∙∙∙∙∙∙∙∙
((∙▒∙▒∙∙)∙∙∙∙∙∙∙
∙∙∙▒∙▒∙∙∙▒▒▒▒▒▒▒▒▒
▒▒▒▒∙▒∙∙∙▒∙∙∙∙∙∙∙▒ ▒
▒∙∙∙∙▒∙∙∙▒∙∙∙∙∙∙∙▒
p▒
▒▒▒▒▒▒∙∙∙▒∙∙∙∙∙∙∙▒
p∙▒
∙∙∙∙∙∙∙∙∙▒∙∙∙∙∙∙∙▒
>∙∙▒
∙▒▒▒▒▒▒▒▒▒∙∙∙∙∙∙∙▒
∙∙∙∙▒ ∙▒
▒∙∙∙∙∙∙(▒∙∙∙∙∙▒ ∙▒ )
▒∙∙∙=)∙(■∙∙(∙∙▒ ∙▒
∙∙∙▒∙∙∙∙∙∙∙▒∙∙∙∙∙▒
∙▒ ∙∙∙■∙∙∙∙)c)▒
∙∙∙∙▒ ∙▒
∙∙∙▒∙∙∙∙(p@▒ ∙∙∙▒ ∙▒
(( ▒▒▒■▒▒▒▒▒∙∙ ∙∙▒
∙▒ ▒ ▒∙∙∙∙∙∙∙∙∙∙ ∙■
∙▒▒▒▒▒▒▒▒▒∙∙∙∙∙∙∙∙∙∙
▒


∙∙∙∙∙∙∙∙∙∙∙∙∙∙∙∙∙∙∙∙ ∙∙∙∙∙∙∙∙∙∙∙∙∙∙∙∙∙∙∙∙ ∙∙∙∙∙∙∙∙∙∙∙∙∙∙∙∙∙∙∙∙
∙∙∙∙∙∙∙∙∙∙∙∙∙∙∙∙∙∙∙∙ ∙∙∙∙∙∙∙∙∙∙∙∙∙∙∙∙∙∙∙∙ ∙∙∙∙∙∙∙∙∙∙∙∙∙∙∙∙∙∙∙∙
∙∙∙∙∙∙∙∙∙∙∙∙∙∙∙∙∙∙∙ ∙∙∙∙∙∙∙∙∙∙∙∙∙∙∙∙∙∙ ▒▒▒▒▒▒▒▒▒▒▒▒▒▒'▒▒ ∙∙ You could see a
vault warden and a yaktaur.

Vanquished Creatures
  Sojobo (Vaults:2)
  Nikola (Vaults:1)
  Rupert (Orc:4)
  Frances (Swamp:2)
  Kirke (Swamp:4)
  A thorn hunter (Swamp:4)
  12 greater nagas
  2 tengu reavers (Vaults:2)
  A revenant (Vaults:2)
  2 deep elf sorcerers
  A fire giant (Vaults:1)
  A frost giant (IceCv)
  Aizul (Snake:1)
  9 vault wardens
  8 ironheart preservers
  The ghost of timbw the Severer, a powerful HuBe of Trog (Lair:8)
  4 stone giants
  A very ugly thing (Vaults:2)
  3 deep elf demonologists
  Azrael (D:15)
  2 dire elephants (Lair:8)
  2 salamander stormcallers
  4 deep elf annihilators
  Snorg (Lair:6)
  A crystal guardian (Vaults:3)
  3 deep elf high priests
  10 vault guards
  6 deep elf death magi
  An eidolon (Vaults:2)
  An ettin (D:15)
  Josephine (D:10)
  An ice dragon (shapeshifter) (Elf:3)
  A fire dragon (Vaults:2)
  Fannar (D:10)
  7 yaktaur captains
  An ice dragon (Vaults:1)
  28 naga warriors
  25 hydras
  8 anacondas
  2 ghost crabs
  A hell beast (Lair:8)
  4 merfolk avatars (Swamp:4)
  An entropy weaver (shapeshifter) (D:11)
  Erica (D:10)
  14 alligators
  A catoblepas (D:14)
  2 dancing weapons (Elf:2)
  A tengu warrior (D:13)
  9 ogre magi
  5 centaur warriors
  14 death yaks
  An orc high priest (Orc:3)
  The ghost of timbw the Summoner, a powerful DESu of Sif Muna (Swamp:1)
  Urug (D:10)
  19 naga sharpshooters
  10 shock serpents
  14 deep elf knights
  Sonja (Lair:3)
  A large abomination (Vaults:1)
  A shadow wraith (Vaults:1)
  11 spriggans
  4 skeletal warriors (Vaults:1)
  A sea snake (Snake:1)
  An unseen horror (shapeshifter) (D:15)
  2 unseen horrors
  4 salamander mystics
  A spriggan druid (Swamp:4)
  A flayed ghost (Vaults:2)
  9 naga ritualists
  3 hill giants
  A giant orange brain (D:15)
  2 shambling mangroves (Swamp:4)
  An ice statue (IceCv)
  10 deep elf summoners
  A tengu zombie (Vaults:3)
  Pikel (D:5)
  A wizard (Lair:8)
  11 ironbrand convokers
  13 swamp dragons
  An anubis guard (shapeshifter) (Vaults:1)
  2 mana vipers
  A harpy (shapeshifter) (D:15)
  A sphinx zombie (Vaults:3)
  11 deep elf conjurers
  3 wolf spiders
  A frost giant zombie (Vaults:1)
  4 manticores
  55 ugly things
  11 griffons
  6 hornets
  5 cyclopes
  2 necromancers
  15 salamanders
  20 naga magi
  A salamander (shapeshifter) (D:15)
  32 black mambas
  An elephant (D:11)
  A stone giant skeleton (Vaults:1)
  15 vault sentinels
  4 orc sorcerers
  19 orc knights
  A spiny frog (shapeshifter) (Vaults:3)
  3 orange demons (Lair:8)
  20 spiny frogs
  Psyche (D:12)
  A torpor snail (Lair:8)
  4 gargoyles
  6 guardian serpents
  4 kobold demonologists
  10 komodo dragons
  2 eyes of devastation (shapeshifter)
  9 fire drakes
  48 yaktaurs
  13 deep elf priests
  A fire drake (shapeshifter) (Vaults:2)
  4 blue devils (Lair:8)
  A redback zombie (Vaults:3)
  A hellwing (Lair:8)
  A human skeleton (Vaults:3)
  7 freezing wraiths
  3 red devils (Lair:8)
  A troll (shapeshifter) (Vaults:4)
  A tengu conjurer (D:13)
  20 polar bears
  A wind drake (shapeshifter) (Elf:2)
  2 boulder beetles
  8 bog bodies
  6 giant leeches
  3 trolls
  15 two-headed ogres
  A stone giant simulacrum (Vaults:1)
  14 blink frogs
  36 slime creatures
  25 deep elf magi
  5 shadows
  74 yaks
  Sigmund (D:3)
  6 wraiths
  2 vampires
  9 wyverns
  16 hippogriffs
  Eustachio (D:6)
  A basilisk (shapeshifter) (D:15)
  8 basilisks
  5 fire elementals (D:15)
  3 hogs (Swamp:4)
  2 hungry ghosts (D:14)
  2 mottled dragons (Vaults:2)
  The ghost of MasterCK the Skirmisher, an average DsAK of Lugonu (D:4)
  40 vampire mosquitoes
  A hog (shapeshifter) (Elf:2)
  A human (D:13)
  24 wolves
  14 water moccasins
  22 swamp worms
  40 deep elf fighters
  9 wargs
  Edmund (D:5)
  9 insubstantial wisps (Swamp:3)
  3 hell hounds
  20 crocodiles
  53 orc warriors
  17 porcupines
  75 nagas
  25 wasps
  19 swamp drakes
  2 slaves (D:5)
  11 black bears
  5 boggarts (D:14)
  4 sky beasts
  3 necrophages (Lair:5)
  An eye of draining (D:12)
  9 ice beasts
  A phantom (D:5)
  44 ogres
  20 centaurs
  7 big kobolds
  A brain worm (D:12)
  Blork the orc (D:4)
  A human zombie (Vaults:1)
  2 gnoll sergeants
  20 giant frogs
  6 scorpions
  21 killer bees
  6 crimson imps
  An electric eel (Snake:1)
  5 centaur zombies
  25 orc priests
  5 giant frog zombies
  4 hounds
  2 giant frog skeletons (D:7)
  2 centaur skeletons
  5 jellies
  8 iguanas
  6 worker ants
  4 hell rats (Lair:7)
  44 orc wizards
  42 sheep
  2 big kobold zombies (Ossuary)
  5 mummies
  A hound skeleton (D:11)
  2 hound zombies
  Robin (D:2)
  23 adders
  18 gnolls
  102 river rats
  3 shadow imps
  4 oozes
  2 adder skeletons
  3 worms
  A giant gecko (D:1)
  242 orcs
  9 giant cockroaches
  15 hobgoblins
  9 jackals
  A kobold (shapeshifter) (Vaults:4)
  11 bats
  A giant gecko zombie (D:5)
  5 giant newts
  18 goblins
  2 hobgoblin zombies (Ossuary)
  A jackal zombie (D:3)
  40 kobolds
  2 orc zombies (D:4)
  8 quokkas
  3 quokka skeletons
  A quokka zombie (D:4)
  8 rats
  A bush (Lair:6)
  4 crawling corpses
  A fire vortex (Vaults:3)
  4 fungi
  4 plants
2207 creatures vanquished.

Vanquished Creatures (others)
  A deep elf high priest (Elf:3)
  A two-headed ogre (Vaults:3)
  A deep elf mage (Elf:1)
  A slave (D:7)
  An ogre (Vaults:3)
  A centaur (D:14)
  A giant frog (D:7)
  An elf skeleton (Vaults:1)
  2 kobolds (Vaults:3)
  5 briar patches (Swamp:4)
  A fire vortex (Vaults:3)
  44 fungi
  33 plants
93 creatures vanquished.

Grand Total: 2300 creatures vanquished

Notes
Turn   | Place    | Note
--------------------------------------------------------------
     0 | D:1      | Illiel the High Elf Hunter began the quest for the Orb.
     0 | D:1      | Reached XP level 1. HP: 14/14 MP: 2/2
   169 | D:1      | Reached XP level 2. HP: 14/19 MP: 3/3
   282 | D:1      | HP: 1/20 [hobgoblin (4)]
   709 | D:1      | Reached XP level 3. HP: 16/25 MP: 4/4
   835 | D:1      | Reached skill level 6 in Bows
  1306 | D:2      | Found an opulent altar of Gozag.
  1336 | D:2      | Reached XP level 4. HP: 30/30 MP: 5/5
  2164 | D:3      | Reached XP level 5. HP: 35/35 MP: 6/6
  2179 | D:3      | Noticed Robin
  2221 | D:3      | Reached skill level 7 in Bows
  2231 | D:3      | Found a deep blue altar of Sif Muna.
  2298 | D:2      | Killed Robin
  2480 | D:3      | Noticed Sigmund
  2675 | D:3      | Killed Sigmund
  2675 | D:3      | Reached XP level 6. HP: 37/42 MP: 7/7
  2779 | D:3      | Reached skill level 8 in Bows
  3357 | D:4      | Noticed Blork the orc
  3358 | D:4      | Found a glowing golden altar of the Shining One.
  3368 | D:4      | Killed Blork the orc
  3429 | D:4      | Found a sand-covered staircase.
  3459 | Ossuary  | Entered an ossuary
  3608 | Ossuary  | Reached XP level 7. HP: 44/46 MP: 8/8
  3938 | D:4      | Reached skill level 1 in Long Blades
  3952 | D:4      | Gained mutation: You have sharp fingernails. [potion of mutation]
  3952 | D:4      | Gained mutation: You are partially covered in iridescent scales (AC +4). [potion of mutation]
  3952 | D:4      | Gained mutation: You are clumsy. (Dex -2) [potion of mutation]
  3966 | D:4      | Noticed MasterCK's ghost (average DsAK)
  4337 | D:4      | Killed MasterCK's ghost
  4337 | D:4      | Reached skill level 9 in Bows
  4457 | D:4      | Found Egutz's Assorted Antiques.
  4668 | D:5      | Entered Level 5 of the Dungeon
  4766 | D:5      | Reached XP level 8. HP: 54/54 MP: 9/9
  4789 | D:5      | Noticed Edmund
  4797 | D:5      | Killed Edmund
  4797 | D:5      | Reached skill level 1 in Evocations
  4973 | D:5      | Noticed Pikel
  5201 | D:5      | Reached skill level 5 in Dodging
  5201 | D:5      | Reached skill level 5 in Stealth
  5421 | D:5      | Killed Pikel
  5421 | D:5      | Reached skill level 10 in Bows
  5523 | D:5      | Reached skill level 5 in Fighting
  5617 | D:5      | Reached XP level 9. HP: 42/61 MP: 11/11
  5770 | D:6      | Noticed Eustachio
  5786 | D:6      | Killed Eustachio
  5865 | D:6      | Found a staircase to the Ecumenical Temple.
  5882 | Temple   | Entered the Ecumenical Temple
  5902 | Temple   | Became a worshipper of Warmaster Okawaru
  6044 | D:6      | Found Zoto's General Store.
  6073 | D:6      | Reached skill level 11 in Bows
  6517 | D:7      | Reached skill level 5 in Long Blades
  6797 | D:7      | Reached skill level 1 in Invocations
  6966 | D:7      | Found a snail-covered altar of Cheibriados.
  7056 | D:7      | Found a sacrificial altar of Ru.
  7184 | D:8      | Acquired Okawaru's first power
  7384 | D:8      | Found Aguyxeq's Antique Armour Shoppe.
  7399 | D:8      | Bought a pair of embroidered boots for 117 gold pieces
  7399 | D:8      | Bought a silken robe for 148 gold pieces
  7428 | D:8      | Identified a +1 pair of boots of running (You bought it in a shop on level 8 of the Dungeon)
  7456 | D:8      | Identified the +1 robe of Tah Cota {-Tele Int+4} (You bought it in a shop on level 8 of the Dungeon)
  7681 | D:8      | Found a glowing silver altar of Zin.
  7784 | D:9      | Found Saimitet's Magic Scroll Shoppe.
  8009 | D:9      | Found a radiant altar of Vehumet.
  8354 | D:9      | Reached XP level 10. HP: 58/68 MP: 14/14
  8388 | D:9      | Found a shadowy altar of Dithmenos.
  8836 | D:10     | Entered Level 10 of the Dungeon
  8841 | D:10     | Noticed Erica
  9080 | D:10     | Noticed Urug
  9092 | D:10     | Killed Urug
  9133 | D:10     | Killed Erica
  9133 | D:10     | Reached skill level 12 in Bows
  9399 | D:10     | Found a snail-covered altar of Cheibriados.
  9688 | D:10     | Found Odeek's Magic Scroll Emporium.
  9688 | D:10     | Noticed Fannar
  9970 | D:10     | Noticed a vault guard
  9986 | D:10     | Killed a vault guard
  9986 | D:10     | Reached skill level 5 in Evocations
  9997 | D:10     | Found a portal to a secret trove of treasure.
 10702 | D:10     | Received a gift from Okawaru
 10719 | D:10     | Noticed Josephine
 10738 | D:10     | Killed Josephine
 10738 | D:10     | Reached XP level 11. HP: 64/75 MP: 14/16
 11240 | D:11     | HP: 1/75 [orc warrior/dire flail of protection (23)]
 11266 | D:11     | Found Nofev's Jewellery Emporium.
 11684 | D:11     | Found a staircase to the Lair.
 11708 | D:11     | Reached skill level 13 in Bows
 11708 | D:11     | Reached skill level 5 in Invocations
 11730 | D:11     | Noticed a hill giant
 11736 | D:11     | Killed a hill giant
 11788 | Lair:1   | Entered Level 1 of the Lair of Beasts
 11989 | Lair:1   | Received a gift from Okawaru
 12299 | Lair:1   | Received a gift from Okawaru
 13501 | Lair:2   | Acquired Okawaru's second power
 13548 | Lair:2   | Noticed an eight-headed hydra
 13557 | Lair:2   | Killed an eight-headed hydra
 13557 | Lair:2   | Received a gift from Okawaru
 13730 | Lair:2   | Received a gift from Okawaru
 13925 | Lair:2   | Reached skill level 14 in Bows
 14046 | Lair:2   | Reached XP level 12. HP: 82/82 MP: 17/17
 14116 | Lair:2   | Noticed an eight-headed hydra
 14128 | Lair:2   | Killed a four-headed hydra
 14353 | Lair:2   | Noticed a seven-headed hydra
 14450 | Lair:1   | Received a gift from Okawaru
 14455 | Lair:1   | Lost mutation: You are partially covered in iridescent scales (AC +4). [potion of cure mutation]
 14455 | Lair:1   | Lost mutation: You are clumsy. (Dex -2) [potion of cure mutation]
 14455 | Lair:1   | Lost mutation: You have sharp fingernails. [potion of cure mutation]
 14532 | Lair:1   | Identified a scroll of acquirement
 14816 | Lair:2   | Killed a seven-headed hydra
 15763 | Lair:3   | Noticed Sonja
 16732 | Lair:3   | Received a gift from Okawaru
 16760 | Lair:3   | Killed Sonja
 17485 | Lair:4   | Received a gift from Okawaru
 17572 | Lair:4   | Reached skill level 15 in Bows
 18473 | Lair:3   | Upgraded the game from 0.17-a0-1716-gdf19ebb to 0.17-a0-1718-g72dbe4d
 18709 | Lair:4   | Reached skill level 10 in Stealth
 18762 | Lair:4   | Reached XP level 13. HP: 89/89 MP: 19/19
 18938 | Lair:5   | Found a frozen archway.
 19012 | IceCv    | Entered an ice cave
 19562 | IceCv    | Received a gift from Okawaru
 20095 | IceCv    | Received a gift from Okawaru
 20151 | IceCv    | Noticed a frost giant
 20196 | IceCv    | Reached skill level 16 in Bows
 20533 | IceCv    | Killed a frost giant
 20533 | IceCv    | Reached skill level 10 in Dodging
 20714 | IceCv    | Identified the Incunabulum of Transmutation and Toxins
 20868 | Lair:5   | Found a staircase to the Swamp.
 21303 | Lair:5   | Found a staircase to the Snake Pit.
 21850 | Lair:6   | Received a gift from Okawaru
 22250 | Lair:6   | Noticed Snorg
 22267 | Lair:6   | Killed Snorg
 22597 | Lair:6   | Reached XP level 14. HP: 92/98 MP: 18/21
 23243 | Lair:7   | Received a gift from Okawaru
 23244 | Lair:7   | Got a pitted hat {god gift}
 23255 | Lair:7   | Identified the -2 hat "Nigonly" {rElec rC+ rCorr} (Okawaru gifted it to you on level 7 of the Lair of Beasts)
 23522 | Lair:7   | Reached skill level 10 in Fighting
 23580 | Lair:7   | Reached skill level 10 in Long Blades
 23744 | Lair:7   | Reached skill level 17 in Bows
 24678 | Lair:8   | Entered Level 8 of the Lair of Beasts
 24734 | Lair:8   | Noticed timbw's ghost (powerful HuBe)
 25273 | D:11     | Got a bloodstained cloak
 25284 | D:11     | Identified the +2 cloak "Tyamal" {rPois} (You found it on level 11 of the Dungeon)
 25430 | D:11     | Noticed a death drake
 25534 | D:11     | Received a gift from Okawaru
 25535 | D:11     | Got a smoking crystal plate armour {god gift}
 25980 | D:11     | Found a staircase to the Orcish Mines.
 26118 | D:11     | Noticed a fire giant
 26119 | D:11     | a fire giant changed into a dire elephant
 26177 | D:11     | Noticed an emperor scorpion
 26177 | D:11     | a death yak changed into an emperor scorpion
 26179 | D:11     | an emperor scorpion changed into an entropy weaver
 27131 | D:12     | Noticed Psyche
 27163 | D:12     | Killed Psyche
 27259 | D:12     | Reached skill level 1 in Armour
 28247 | D:10     | Killed Fannar
 28280 | D:10     | Killed an unseen horror
 28620 | D:10     | Noticed a hill giant
 28638 | D:10     | Killed a hill giant
 28665 | D:10     | Bought a scroll of blinking for 112 gold pieces
 29138 | D:13     | Reached XP level 15. HP: 103/103 MP: 23/23
 29306 | D:13     | Received a gift from Okawaru
 29929 | D:13     | Found a gate to the Vaults.
 29967 | D:13     | Received a gift from Okawaru
 30415 | D:14     | Found a shadowy altar of Dithmenos.
 31281 | D:14     | Found Xoirchip's Demolitions Depot.
 31332 | D:14     | Received a gift from Okawaru
 31657 | D:15     | Entered Level 15 of the Dungeon
 31867 | D:15     | Noticed Azrael
 31875 | D:15     | Killed Azrael
 31984 | D:15     | Found a basalt altar of Yredelemnul.
 32092 | D:15     | Found a bloodstained altar of Trog.
 32221 | D:15     | Reached skill level 10 in Invocations
 32312 | D:15     | Reached skill level 18 in Bows
 32505 | D:15     | Received a gift from Okawaru
 32511 | D:15     | Found a staircase to the Depths.
 33193 | Swamp:1  | Entered Level 1 of the Swamp
 33241 | Swamp:1  | Noticed timbw's ghost (powerful DESu)
 33256 | Swamp:1  | Killed timbw's ghost
 33256 | Swamp:1  | Received a gift from Okawaru
 34204 | Lair:5   | Reached skill level 10 in Evocations
 34475 | D:6      | Bought a wand of teleportation (5) for 270 gold pieces
 36094 | Swamp:2  | Noticed Frances
 36120 | Swamp:2  | Killed Frances
 36219 | Swamp:2  | Reached skill level 5 in Armour
 36729 | Swamp:2  | Reached XP level 16. HP: 72/111 MP: 21/24
 37766 | Orc:1    | Entered Level 1 of the Orcish Mines
 37787 | Orc:1    | Found Toazxaog's General Store.
 37819 | Orc:1    | Bought a scroll of teleportation for 39 gold pieces
 37916 | Orc:1    | Found a roughly hewn altar of Beogh.
 38134 | Orc:2    | Found Farumid's Weapon Shop.
 38168 | Orc:2    | Bought 21 arrows for 54 gold pieces
 39139 | Orc:3    | Found Maiputzu's Assorted Antiques.
 39219 | Orc:3    | Found a roughly hewn altar of Beogh.
 39871 | Orc:3    | Found a roughly hewn altar of Beogh.
 40111 | Orc:4    | Entered Level 4 of the Orcish Mines
 40139 | Orc:4    | Found a staircase to the Elven Halls.
 40229 | Orc:4    | Noticed Rupert
 40282 | Orc:4    | Killed Rupert
 40542 | Orc:4    | Found Etof's Jewellery Shop.
 40612 | Orc:3    | Received a gift from Okawaru
 40747 | Orc:4    | Found a roughly hewn altar of Beogh.
 40868 | Orc:4    | Found Myebul's Assorted Antiques.
 41805 | Orc:4    | Found Iseblas's Jewellery Shop.
 41805 | Orc:4    | Found Gih Hili's Antique Weapon Emporium.
 41858 | Orc:4    | Found a roughly hewn altar of Beogh.
 42255 | Elf:1    | Entered Level 1 of the Elven Halls
 42665 | Elf:1    | Reached skill level 19 in Bows
 44352 | Elf:2    | Found Lulaelo's Assorted Antiques.
 44388 | Elf:2    | Bought a brightly glowing wooden ring for 175 gold pieces
 44389 | Elf:2    | Identified the ring of Gariog {rPois rF++ rC+ Dex-2 Stlth-} (You bought it in a shop on level 2 of the Elven Halls)
 44506 | Elf:2    | Received a gift from Okawaru
 44507 | Elf:2    | Got a translucent shortbow {god gift}
 44529 | Elf:1    | Identified the +4 shortbow of Siad Ponk {speed, rC+ Str+3} (Okawaru gifted it to you on level 2 of the Elven Halls)
 45638 | Elf:2    | Reached XP level 17. HP: 119/119 MP: 26/26
 45685 | Elf:2    | Found a runed gate.
 45685 | Elf:2    | Found a runed gate.
 45685 | Elf:2    | Found a runed gate.
 46195 | Lair:8   | Found a burning altar of Makhleb.
 46233 | Lair:8   | Killed timbw's ghost
 46327 | Lair:8   | Reached skill level 1 in Spellcasting
 47383 | Lair:8   | Received a gift from Okawaru
 47520 | Lair:8   | Found a runed door.
 47521 | Lair:8   | Found a viscous altar of Jiyva.
 47522 | Lair:8   | Noticed an acid blob
 47546 | Lair:8   | Found a staircase to the Slime Pits.
 47546 | Lair:8   | Noticed an acid blob
 47772 | Lair:8   | Found a burning altar of Makhleb.
 47897 | Lair:8   | Found a gateway to Hell.
 48803 | Swamp:1  | Reached skill level 20 in Bows
 50181 | Snake:1  | Entered Level 1 of the Snake Pit
 51067 | Snake:1  | Noticed Aizul
 51118 | Snake:1  | Reached skill level 5 in Spellcasting
 52420 | Depths:1 | Entered Level 1 of the Depths
 52795 | Swamp:4  | Entered Level 4 of the Swamp
 53007 | Lair:1   | Identified the +9 crystal plate armour of Lies {rPois rF+ rC- Str+3} (Okawaru gifted it to you on level 11 of the Dungeon)
 53170 | Elf:3    | Entered Level 3 of the Elven Halls
 53181 | Elf:3    | Found a flickering gateway to a bazaar.
 53192 | Bazaar   | Entered a bazaar
 53192 | Bazaar   | Found Miwyuvais's Antique Armour Shoppe.
 53192 | Bazaar   | Found Plog's Magic Scroll Shoppe.
 53193 | Bazaar   | Found Kuuxai's Weapon Emporium.
 53193 | Bazaar   | Found Lyan's Jewellery Emporium.
 53195 | Bazaar   | Bought a scroll of immolation for 42 gold pieces
 53195 | Bazaar   | Bought a scroll of enchant armour for 90 gold pieces
 53199 | Bazaar   | Bought a crude leather armour for 175 gold pieces
 53199 | Bazaar   | Bought a warped scale mail for 225 gold pieces
 53209 | Bazaar   | Bought 16 arrows of dispersal for 144 gold pieces
 53224 | Bazaar   | Identified the +5 leather armour of the Wild Haggis {-Tele rCorr Str+3} (You bought it in a shop in a bazaar)
 53235 | Bazaar   | Identified the +1 scale mail of Eghuqug {rC- MR+ Str+4} (You bought it in a shop in a bazaar)
 53308 | Elf:3    | Received a gift from Okawaru
 53444 | Elf:3    | Found an ancient bone altar of Kikubaaqudgha.
 55105 | Swamp:4  | Reached XP level 18. HP: 84/126 MP: 25/29
 55787 | Swamp:4  | Noticed Kirke
 56327 | Snake:2  | Found Gaustraf's General Store.
 57791 | Snake:3  | Received a gift from Okawaru
 58298 | Snake:4  | Entered Level 4 of the Snake Pit
 58600 | Snake:3  | Received a gift from Okawaru
 59761 | Snake:4  | Reached skill level 21 in Bows
 60379 | Snake:4  | Received a gift from Okawaru
 61292 | Snake:2  | Received a gift from Okawaru
 61295 | Snake:2  | Got a smoking robe {god gift}
 61306 | Snake:2  | Identified the +1 robe of the Farrier {*Contam MR+ Dex+3} (Okawaru gifted it to you on level 2 of the Snake Pit)
 61494 | Snake:4  | Reached XP level 19. HP: 133/133 MP: 33/33
 62781 | Snake:4  | Reached skill level 10 in Spellcasting
 63632 | Snake:4  | Got a serpentine rune of Zot
 64160 | Vaults:1 | Entered Level 1 of the Vaults
 64588 | Vaults:1 | Noticed Nikola
 64604 | Vaults:1 | Killed Nikola
 64700 | Vaults:1 | Received a gift from Okawaru
 65832 | Vaults:1 | Reached skill level 15 in Stealth
 65952 | Vaults:1 | Received a gift from Okawaru
 66097 | Vaults:1 | Received a gift from Okawaru
 66517 | Vaults:1 | Reached XP level 20. HP: 125/141 MP: 31/36
 67117 | Vaults:1 | Found Kihobb's Antique Armour Shop.
 67698 | Vaults:2 | Got a jasper-encrusted leather armour
 67709 | Vaults:2 | Identified the +1 leather armour of Pefuv {rPois rCorr Int+4} (You found it on level 2 of the Vaults)
 67862 | Vaults:2 | Noticed Sojobo
 68787 | Snake:1  | Killed Aizul
 69107 | Lair:2   | You fall through a shaft!
 69297 | Swamp:4  | Killed Kirke
 69402 | Swamp:4  | Got a decaying rune of Zot
 69507 | Swamp:4  | Reached skill level 15 in Long Blades
 69621 | Swamp:4  | Received a gift from Okawaru
 69622 | Swamp:4  | Got a smoking scale mail {god gift}
 69637 | Swamp:4  | Identified the +4 scale mail of Gluttony {Int+4 Dex-5 SInv Stlth+} (Okawaru gifted it to you on level 4 of the Swamp)
 70490 | Lair:1   | Upgraded the game from 0.17-a0-1718-g72dbe4d to 0.17-a0-1719-g1afd5a1
 71137 | Vaults:2 | Reached skill level 15 in Dodging
 72229 | Vaults:2 | Received a gift from Okawaru
 72238 | Vaults:2 | Reached skill level 22 in Bows
 72325 | Vaults:2 | Found a staircase to the Crypt.
 72666 | Vaults:2 | Killed Sojobo
 72666 | Vaults:2 | Received a gift from Okawaru
 73337 | Vaults:3 | Reached XP level 21. HP: 84/149 MP: 21/38
 74198 | Vaults:3 | Found Noopp's Assorted Antiques.
 74241 | Vaults:3 | Identified the Collected Works on Venomous Transformation (You acquired it on level 3 of the Vaults)
 74245 | Vaults:3 | Learned a level 2 spell: Cure Poison
 74299 | Vaults:3 | Received a gift from Okawaru
 74934 | Vaults:3 | Learned a level 2 spell: Swiftness
 74938 | Vaults:3 | Learned a level 3 spell: Passwall
 75594 | Vaults:4 | Received a gift from Okawaru
 75594 | Vaults:4 | Reached skill level 1 in Air Magic
 75597 | Vaults:4 | Reached skill level 1 in Charms
 75884 | Vaults:3 | Reached skill level 1 in Transmutations
 75884 | Vaults:3 | Reached skill level 1 in Poison Magic
 75982 | Vaults:4 | Reached skill level 1 in Earth Magic
 76409 | Vaults:4 | Received a gift from Okawaru
 76957 | Vaults:4 | Slain by a vault warden

Vault maps used:
D:1:      dpeg_arrival_castle
D:2:      overflow_temple_1_default, small_statue_intersection
D:3:      lemuel_crystal_altar, uniq_sigmund, uniq_robin
D:4:      overflow_temple_1_default, nicolae_ossuary_entry_giza, serial_shops,
          shop, minivault_26, uniq_blork_the_orc
D:5:      first_bread, uniq_pikel, uniq_edmund
D:6:      minmay_temple_entry_grid, serial_shops, shop,
          kennysheep_generic_room_9, uniq_eustachio
D:7:      nicolae_ru_path_of_blood, kennysheep_little_box, grunt_ogre_cave
D:8:      lemuel_coloured_pillars_altar, serial_shops, shop
D:9:      lemuel_doored_altar, serial_shops, nicolae_shop_trees, basic_altar
D:10:     nicolae_whirlpool, serial_shops, shop, basic_altar, enter_trove_5,
          uniq_fannar, uniq_urug, uniq_erica, uniq_josephine
D:11:     david_lair_generic, erik_orc_1, serial_shops,
          nicolae_shop_temple_entry_statues_fountains, kennysheep_island_fort
D:12:     uniq_psyche
D:13:     grunt_vaults_entry_fortified, nrook_uturn, roderic_lattice_a
D:14:     grunt_dithmenos_smoke, serial_park_tiny_1, nicolae_blasting_shop
D:15:     gammafunk_enter_depths_forms, basic_altar, yredelemnul_altar_generic,
          uniq_azrael
Temple:   triangle_lava_temple_12
Lair:1:   grunt_megastairs_3
Lair:2:   beast_lair_carwin_large_1, minmay_holes, lemuel_fruit_tree
Lair:3:   minmay_lair_venomous_thicket, columned_hall_lemuel, st_stairs_9,
          uniq_sonja
Lair:5:   swamp_mist_pool, minmay_snake_entry_guardpost_small,
          lab_entry_generic, portal_ice_cave_entry_ice_beasts,
          roderic_carrion_pond
Lair:6:   uniq_snorg
Lair:7:   beast_lair_carwin_9
Lair:8:   evil_forest, slime_altar_2, basic_altar, serial_bayou_shore_b
Swamp:1:  evilmike_swamp_ruin_house_4, infiniplex_staircase_pool
Swamp:2:  evilmike_swamp_ruin_house_6, uniq_frances
Swamp:3:  nicolae_swamp_feature_on_the_river_bank, swamp_pool3,
          hangedman_swamp_double_dragon
Swamp:4:  swamp_alternative, swamp_pool3, grunt_lady_of_the_lake, uniq_kirke
Snake:1:  serial_bayou_shore_a, uniq_aizul
Snake:2:  serial_shops, shop
Snake:4:  grunt_snake_rune_spirals
Orc:1:    serial_shops, nicolae_shop_crystal, basic_altar
Orc:2:    serial_shops, nicolae_shop_stone, guppyfry_library_mini
Orc:3:    basic_altar, serial_shops, shop, nicolae_orc_pool_cavern,
          bh_open_orc_temple
Orc:4:    st_orc_town, basic_altar, amalloy_card_club, uniq_rupert
Elf:1:    eino_elf_arrival_customs, kennysheep_underground_church, st_stairs_8,
          statue_in_the_mist_lemuel
Elf:2:    serial_shops, nicolae_shop_crystal, orc_legates, uniq_louise
Elf:3:    minmay_elf_hall_dome, basic_altar, serial_shops, bzr_entry_water
Vaults:1: vaults_dpeg_encased_lava, grunt_vaults_diagonal, v_misc_33, v_misc_8,
          grunt_vaults_swirl, ontoclasm_vaults_misaligned,
          hangedman_vaults_river_flow, hangedman_vaults_stream,
          ontoclasm_vaults_ring_small, v_misc_25, grunt_vaults_funnel,
          nicolae_vaults_ring_of_whatevers, nicolae_vaults_rhombus_6,
          ontoclasm_vaults_chip, vaults_dpeg_ring, vaults_dpeg_doors,
          st_more_cells, serial_shops, nicolae_shop_overgrown_old_shop,
          uniq_nikola
Vaults:2: nicolae_vaults_little_squares_4, minmay_crypt_entry_simple_walls,
          v_rooms_4, nicolae_vaults_know_your_exits, v_pattern_2, v_rooms_1,
          nicolae_vaults_stairing_the_circle, vaults_room_stairs_pillars,
          uniq_sojobo
Vaults:3: nicolae_vaults_mini_display_case, v_alt_pattern_2,
          vaults_room_corners, vaults_mumra_lcd, v_alt_pattern_4,
          vaults_room_stairs_pillars, v_misc_27, nicolae_vaults_alarming,
          nicolae_vaults_rhombus_6, serial_shops, nicolae_shop_stone
Vaults:4: v_misc_26, v_misc_26, ontoclasm_vaults_fire_temple,
          nicolae_vaults_yaktaur_gun_rack, nicolae_vaults_theta, v_misc_3,
          nicolae_vaults_ninety_degrees, v_misc_18, ontoclasm_vaults_ligature,
          nicolae_vaults_ring_of_whatevers, nicolae_vaults_little_squares_1,
          vaults_room_fancy_cross, serial_shops, nicolae_shop_crystal,
          shop_fountains
Depths:1: thingy_vault_2, rand_demon_pan_entry_3, hangedman_geh_valley,
          minmay_misc_feat_four_crosses, minmay_splitting_lines,
          kennysheep_four_rooms
Bazaar:   bazaar_jpeg_oval
Ossuary:  ossuary_the_hunt_dpeg
IceCv:    ice_cave_caverns_01

Action                   |  1- 3 |  4- 6 |  7- 9 | 10-12 | 13-15 | 16-18 | 19-21 || total
-------------------------+-------+-------+-------+-------+-------+-------+-------++-------
Melee: Short sword       |    86 |       |       |       |       |       |       ||    86
       Dagger            |    33 |   136 |   304 |    42 |       |       |       ||   515
       Scimitar          |       |       |       |   459 |  1172 |  1007 |   215 ||  2853
       Longbow           |       |       |       |       |     2 |       |       ||     2
       Great sword       |       |       |       |       |       |       |   572 ||   572
 Fire: Shortbow          |    42 |   103 |   108 |       |       |       |       ||   253
       Longbow           |       |       |    12 |   567 |  1277 |  2257 |  1861 ||  5974
 Cast: Cure Poison       |       |       |       |       |       |       |     1 ||     1
       Passwall          |       |       |       |       |       |       |     1 ||     1
Invok: Heroism           |       |       |       |     6 |    12 |     9 |    11 ||    38
       Finesse           |       |       |       |       |     3 |       |     7 ||    10
Evoke: Wand              |       |       |     6 |       |     5 |     8 |    27 ||    46
  Use: Scroll            |       |     7 |     9 |    13 |    13 |    13 |    17 ||    72
       Potion            |       |       |     9 |     5 |    10 |     6 |     5 ||    35
 Stab: Sleeping          |     1 |     8 |    16 |     2 |    10 |     1 |     3 ||    41
       Distracted        |       |       |       |     1 |     1 |     1 |     2 ||     5
       Confused          |       |       |       |       |     1 |       |       ||     1
  Eat: Chunk             |     1 |     5 |    15 |    29 |    43 |    49 |    39 ||   181
       Pizza             |       |     1 |       |     1 |     2 |     1 |     1 ||     6
       Beef jerky        |       |       |       |     1 |     6 |     2 |     2 ||    11
       Fruit             |       |       |       |     2 |     1 |     9 |     4 ||    16
       Royal jelly       |       |       |       |       |     1 |       |       ||     1
       Meat ration       |       |       |       |       |       |     1 |       ||     1
       Bread ration      |       |       |       |       |       |     1 |       ||     1
